 Dungeon Crawl Stone Soup version 0.23.0 (webtiles) character file.

Game seed: 7539596119007292090

293 mitkoXXVII the Grave Robber (level 6, -5/46 HPs)
             Began as a Mummy Necromancer on Feb 18, 2019.
             Was a Follower of Ru.
             Slain by Edmund
             ... wielding a +2 flail of pain
              (8 damage)
             ... on level 4 of the Dungeon.
             The game lasted 00:20:17 (5245 turns).

mitkoXXVII the Grave Robber (Mummy Necromancer)     Turns: 5245, Time: 00:20:17

Health: -5/46      AC:  4    Str: 11    XL:     6   Next: 11%
Magic:  0/12       EV: 11    Int: 17    God:    Ru [*.....]
Gold:   179        SH:  0    Dex: 12    Spells: 4/13 levels left

rFire    x . .     SeeInvis .   h - +0 flail (drain)
rCold    + . .     Gourm    .   (no shield)
rNeg     + + +     Faith    .   a - +0 robe
rPois    ∞         Spirit   .   e - +0 helmet
rElec    .         Reflect  .   q - +0 cloak
rCorr    .         Harm     .   (no gloves)
MR       .....                  (no boots)
Stlth    ++........             (no amulet)
HPRegen  0.15/turn              (no ring)
MPRegen  0.13/turn              (no ring)

@: no status effects
A: no food or potions, fire vulnerability, cold resistance 1, negative energy
resistance 3, torment resistance, unbreathing, inability to train dodging
a: Renounce Religion


You were on level 4 of the Dungeon.
You worshipped Ru.
Ru was aware of your devotion.
You were not hungry.

You visited 1 branch of the dungeon, and saw 4 of its levels.

You collected 179 gold pieces.

Inventory:

Hand Weapons
 h - a +0 flail of draining (weapon)
 k - a +0 trident
 s - a +0 glaive
Missiles
 c - 156 stones
 i - 16 poisoned needles
 j - 11 javelins (quivered)
Armour
 a - a +0 robe (worn)
 e - a +0 helmet (worn)
 g - a +0 buckler
 q - a +0 cloak (worn)
Jewellery
 n - an uncursed amulet of the acrobat {unknown}
 o - an uncursed ring of ice {unknown}
Wands
 r - a wand of iceblast (5)
Scrolls
 b - 2 scrolls of enchant armour {unknown}
 d - a scroll of enchant weapon {unknown}
 f - 3 scrolls of fear {unknown}
 l - 4 scrolls of identify {unknown}
 m - a scroll of fog {unknown}
 p - a scroll of teleportation {unknown}


   Skills:
 + Level 2.7 Fighting
 - Level 1.5 Stealth
 * Level 2.5 Shields
 + Level 4.3 Spellcasting
 + Level 4.9 Necromancy


You had 4 spell levels left.
You knew the following spells:

 Your Spells              Type           Power        Failure   Level  Hunger
a - Pain                  Necr           ###.         1%          1    N/A
b - Animate Skeleton      Necr           N/A          1%          1    N/A
c - Vampiric Draining     Necr           ###.......   6%          3    N/A
d - Animate Dead          Necr           N/A          19%         4    N/A

Your spell library contained the following spells:

 Spells                   Type           Power        Failure   Level  Hunger
 Regeneration             Chrm/Necr      Unusable     N/A         3    N/A

Dungeon Overview and Level Annotations

Branches:
Dungeon (4/15)
 Temple: D:4-7

Altars:
Fedhas
Ru
Trog
Xom
Zin

Annotations:
D:4 Edmund


Innate Abilities, Weirdness & Mutations

You do not eat or drink.
Your flesh is vulnerable to fire.
You are immune to poison.
Your flesh is cold resistant. (rC+)
You are immune to negative energy. (rN+++)
You are immune to unholy pain and torment.
You can survive without breathing.
You cannot train Dodging skill.


Message History

* * * LOW HITPOINT WARNING * * *
Casting: Vampiric Draining (safe; 6% risk of failure)
Confirm with . or Enter, or press ? or * to list all spells.
Aiming: Pain (safe; 1% risk of failure)
Press: ? - help, Shift-Dir - straight line Nothing appears to happen.
Something hits you.
* * * LOW HITPOINT WARNING * * *
Casting: Pain (safe; 1% risk of failure)
Confirm with . or Enter, or press ? or * to list all spells.
Aiming: Pain (safe; 1% risk of failure)
Press: ? - help, Shift-Dir - straight line Something writhes in agony.
Casting: Pain (safe; 1% risk of failure)
Confirm with . or Enter, or press ? or * to list all spells.
Aiming: Pain (safe; 1% risk of failure)
Press: ? - help, Shift-Dir - straight line Nothing appears to happen.
Something hits you.
* * * LOW HITPOINT WARNING * * *
You hit something but do no damage. Something hits you!
You die...

........######### .......
.................
..............####.........
............. #..'......!..
#........... #..#.........
#.......... #..#.........
#......... #..#....#####
#....$...##+###..#....#....
#........{@......+....#....
#........#.......#....#....
#####....#.......#....#....
#....#..>##..#....#....
#...l###'##..#....#....
#....#....#..#....#....
#....#....#..+ #....
#....#...##..# #....
+....#...# #....


There were no monsters in sight!

Vanquished Creatures
  An iguana (D:4)
  Natasha (thrice) (D:2)
  Terence (D:2)
  3 gnolls (D:2)
  2 adders
  2 dart slugs
  8 leopard geckos
  2 orcs (D:3)
  3 bats
  4 giant cockroaches
  9 hobgoblins
  10 jackals (D:1)
  3 quokkas (D:2)
  A ball python (D:1)
  14 goblins
  10 kobolds
  8 rats
84 creatures vanquished.

Vanquished Creatures (collateral kills)
  Robin (D:3)
  A gnoll (D:2)
  A howler monkey skeleton (D:4)
  2 goblins
  A hobgoblin (D:1)
  A kobold (D:1)
7 creatures vanquished.

Vanquished Creatures (others)
  A goblin (D:3)
1 creature vanquished.

Grand Total: 92 creatures vanquished

Notes
Turn   | Place    | Note
-------+----------+-------------------------------------------
     0 | D:1      | mitkoXXVII the Mummy Necromancer began the quest for the
                  | Orb.
     0 | D:1      | Reached XP level 1. HP: 13/13 MP: 4/4
     2 | D:1      | Learned a level 1 spell: Animate Skeleton
   398 | D:1      | Reached XP level 2. HP: 15/20 MP: 1/6
   446 | D:1      | Reached skill level 1 in Fighting
  1166 | D:1      | Reached XP level 3. HP: 17/26 MP: 5/7
  1275 | D:1      | Learned a level 3 spell: Vampiric Draining
  2024 | D:2      | Noticed Terence
  2044 | D:2      | Killed Terence
  2044 | D:2      | Reached skill level 1 in Shields
  2044 | D:2      | Reached XP level 4. HP: 33/33 MP: 1/9
  2121 | D:2      | Found a faded altar of an unknown god.
  2123 | D:2      | Became a worshipper of Ru the Awakened
  2132 | D:2      | Gained mutation: You cannot train Dodging skill. [Ru
                  | sacrifice]
  2132 | D:2      | Reached * piety under Ru
  2196 | D:2      | Noticed Natasha
  2208 | D:2      | Killed Natasha
  2550 | D:2      | Noticed Natasha
  2558 | D:2      | Killed Natasha
  2589 | D:2      | Reached XP level 5. HP: 13/38 MP: 7/10
  2890 | D:2      | Noticed Natasha
  2935 | D:2      | Killed Natasha
  3299 | D:2      | Found a blossoming altar of Fedhas.
  3300 | D:2      | Found a bloodstained altar of Trog.
  3383 | D:3      | Learned a level 4 spell: Animate Dead
  3475 | D:3      | Noticed Robin
  3497 | D:3      | Killed Robin
  4945 | D:4      | Reached XP level 6. HP: 18/46 MP: 7/12
  5136 | D:4      | Found a shimmering altar of Xom.
  5136 | D:4      | Found a glowing silver altar of Zin.
  5136 | D:4      | Noticed an angel
  5212 | D:4      | Noticed Edmund
  5245 | D:4      | Slain by Edmund

Skill      XL: |  1  2  3  4  5 |
---------------+----------------+-----
Spellcasting   | 3 4 |  4.3
Fighting       | 1 2 |  2.7
Shields        | 1 2 |  2.5
Dodging        | 0 |  0.0
Stealth        | |  1.5
Necromancy     | |  4.9

Action                   |  1- 3 |  4- 6 || total
-------------------------+-------+-------++-------
Melee: Short sword       |   113 |       ||   113
       Unarmed           |     2 |       ||     2
       Flail             |       |   103 ||   103
 Cast: Pain              |    39 |    40 ||    79
       Animate Skeleton  |    18 |    19 ||    37
       Vampiric Draining |     4 |     4 ||     8
       Animate Dead      |       |     5 ||     5
Invok: Sacrifice Nimblen |       |     1 ||     1
 Stab: Distracted        |     1 |       ||     1
       Sleeping          |       |     2 ||     2
Armor: Robe              |    34 |    41 ||    75
Dodge: Dodged            |   121 |   107 ||   228
